 Dungeon Crawl Stone Soup version 0.21.1-1-g345015f (webtiles) character file.

308 shakethe the Chopper (level 6, 0/51 HPs)
             Began as a Hill Orc Fighter on Feb 9, 2018.
             Slain by an ice beast (2 damage)
             ... on level 3 of the Dungeon.
             The game lasted 00:04:57 (2548 turns).

shakethe the Chopper (Hill Orc Fighter)             Turns: 2548, Time: 00:04:58

Health: 0/51       AC: 10    Str: 26    XL:     6   Next: 40%
Magic:  6/6        EV:  8    Int:  8    God:
Gold:   100        SH: 11    Dex: 10    Spells: 5/5 levels left

rFire    . . .     SeeInvis .   a - +2 war axe
rCold    . . .     Gourm    .   c - +1 shield
rNeg     + . .     Faith    .   b - +0 scale mail
rPois    .         Spirit   .   (no helmet)
rElec    .         Reflect  .   (no cloak)
rCorr    .         Harm     .   (no gloves)
MR       .....                  e - +0 pair of boots
Stlth    ..........             (no amulet)
HPRegen  0.17/turn              r - ring of positive energy {rN+}
MPRegen  0.10/turn              m - +2 ring of protection

@: mighty
A: no striking features
a: no special abilities


You were on level 3 of the Dungeon.
You were not hungry.

You visited 1 branch of the dungeon, and saw 3 of its levels.

You collected 100 gold pieces.

Inventory:

Hand Weapons
 a - a +2 war axe (weapon)
Armour
 b - a +0 scale mail (worn)
 c - a +1 shield (worn)
 e - a +0 pair of boots (worn)
   (You found it on level 3 of the Dungeon)
Jewellery
 m - a +2 ring of protection (right hand)
   (You took it off a hobgoblin on level 2 of the Dungeon)
 r - a ring of positive energy (left hand) {rN+}
   (You took it off a goblin on level 2 of the Dungeon)
Wands
 p - a wand of acid (10)
   (You found it on level 2 of the Dungeon)
 s - a wand of paralysis (6)
   (You found it on level 2 of the Dungeon)
Scrolls
 g - 2 scrolls of fear {unknown}
 j - 2 scrolls of teleportation
 l - 2 scrolls of remove curse {unknown}
 n - a scroll of magic mapping {unknown}
Potions
 h - a potion of agility
 o - a potion of ambrosia {unknown}
Comestibles
 f - 8 rations
 i - a chunk of flesh {@w0}


   Skills:
 - Level 3.6 Fighting
 + Level 6.6 Axes
 - Level 3.2 Armour
 + Level 5.6 Shields


You had 5 spell levels left.
You didn't know any spells.

Dungeon Overview and Level Annotations

Branches:
Dungeon (3/15)

Altars:
Hepliaklqana


Message History

You kill the giant cockroach!
No target in view!
No target in view!
No target in view!
No target in view!
No target in view!
No target in view!
No target in view!
No target in view!
No target in view!
No target in view!
No target in view!
No target in view!
No target in view!
f - 6 rations (gained 1) Eating one of 2 chunks of flesh {@w0}.
You eat one of the 2 chunks of flesh {@w0}.
f - 7 rations (gained 1)
l - 2 scrolls labeled NISACU RYEQUSIO (gained 1)
f - 8 rations (gained 1)
An orc comes into view. It is wielding a trident.
The orc throws a stone.
The stone closely misses you.
The orc throws a stone.
You block the stone.
You see here a stone.
The orc hits you but does no damage. You block the orc's attack.
You slash the orc!
You kill the orc!
An orc wizard comes into view. It is wielding a dagger.
The orc wizard shouts!
The orc wizard drinks a potion.
The orc wizard suddenly seems more agile.
Items here: ( ) [ † a trident; 36 stones; a chain mail; an orc corpse The orc wizard casts a spell at you.
The magic dart hits you!
An orc comes into view.
A jackal skeleton comes into view.
The jackal skeleton moves out of view.
The orc wizard hits you but does no damage.
You slash the orc wizard! You closely miss the orc. You block the orc's attack.
The orc wizard hits you but does no damage.
You slice the orc wizard!!
You kill the orc wizard!
Your shield and scale mail prevent you from hitting the orc.
The orc hits you but does no damage. The jackal skeleton barely misses you.
An ice beast comes into view.
You hit the orc. You slash the jackal skeleton!
You destroy the jackal skeleton!
You block the orc's attack.
You slash the orc!
You kill the orc!
You block the ice beast's attack.
You barely miss the ice beast. The ice beast hits you.
The ice beast freezes you!
You take 12 damage, and have 39/51 hp.
MASSIVE DAMAGE!!
You hit the ice beast. The ice beast barely misses you.
You closely miss the ice beast. The ice beast barely misses you.
Your shield and scale mail prevent you from hitting the ice beast.
The ice beast closely misses you. You block the ice beast's attack.
You hit the ice beast. You block the ice beast's attack.
You barely miss the ice beast. The ice beast completely misses you.
An orc comes into view. It is wielding a hand axe.
You barely miss the ice beast. The ice beast closely misses you.
You hit the ice beast. You block the ice beast's attack.
You closely miss the ice beast. You hit the orc. The ice beast hits you.
The ice beast freezes you! The orc hits you with a hand axe.
The ice beast barely misses you.
You take 13 damage, and have 28/51 hp.
MASSIVE DAMAGE!!
You closely miss the ice beast. You slash the orc!
You kill the orc!
You block the ice beast's attack.
You closely miss the ice beast. You block the ice beast's attack.
You barely miss the ice beast. You block the ice beast's attack.
You closely miss the ice beast. You block the ice beast's attack.
You hit the ice beast. You block the ice beast's attack.
The ice beast hits you but does no damage.
You hit the ice beast but do no damage.
The ice beast hits you but does no damage.
You barely miss the ice beast.
The ice beast hits you but does no damage.
You hit the ice beast. The ice beast hits you. The ice beast freezes you!
* * * LOW HITPOINT WARNING * * *
You take 14 damage, and have 15/51 hp.
MASSIVE DAMAGE!!
You feel much better. The ice beast hits you. The ice beast freezes you!
* * * LOW HITPOINT WARNING * * *
You closely miss the ice beast. The ice beast hits you.
* * * LOW HITPOINT WARNING * * *
The ice beast freezes you!
* * * LOW HITPOINT WARNING * * *
You take 14 damage, and have 1/51 hp.
MASSIVE DAMAGE!!
Okay, then.
You feel very mighty all of a sudden.
The ice beast hits you but does no damage.
You completely miss the ice beast. The ice beast hits you.
You die...

#... #... #..# #..#
#..# ##.( #))# ##Y.#
#.....# #.@.#
#.....# #..##
#..>..# ##.)#
##)....# #...#
#......# ##...#
####......# #....#
#.........###(#.##
..###.....##..#.###
.....#.###.(........


You could see an ice beast.

Vanquished Creatures
  The ghost of shakethe the Chopper, an amateur HOFi (D:3)
  An orc priest (D:3)
  An orc wizard (D:3)
  4 gnolls (D:2)
  An adder (D:3)
  An ooze (D:3)
  3 worms (D:2)
  3 dart slugs
  A leopard gecko (D:2)
  10 orcs (D:3)
  A ball python (D:2)
  5 bats
  3 giant cockroaches
  15 hobgoblins
  4 jackals
  3 quokkas
  2 frilled lizards (D:1)
  12 goblins
  A jackal skeleton (D:3)
  3 kobolds
  8 rats
83 creatures vanquished.

Notes
Turn   | Place    | Note
-------+----------+-------------------------------------------
     0 | D:1      | shakethe the Hill Orc Fighter began the quest for the Orb.
     0 | D:1      | Reached XP level 1. HP: 19/19 MP: 1/1
    22 | D:1      | Reached skill level 3 in Axes
   137 | D:1      | Reached XP level 2. HP: 25/26 MP: 2/2
   528 | D:1      | Reached skill level 4 in Axes
   671 | D:2      | Reached XP level 3. HP: 31/31 MP: 3/3
   700 | D:2      | Found a hazy altar of Hepliaklqana.
  1118 | D:2      | Reached skill level 4 in Shields
  1214 | D:2      | Reached XP level 4. HP: 20/39 MP: 4/4
  1666 | D:2      | Reached skill level 5 in Axes
  2125 | D:3      | Reached XP level 5. HP: 45/45 MP: 5/5
  2302 | D:3      | Reached skill level 5 in Shields
  2347 | D:3      | Noticed shakethe's ghost (amateur HOFi)
  2369 | D:3      | Killed shakethe's ghost
  2369 | D:3      | Reached skill level 6 in Axes
  2369 | D:3      | Reached XP level 6. HP: 49/51 MP: 6/6
  2525 | D:3      | Noticed an ice beast
  2545 | D:3      | HP: 1/51 [ice beast (12)]
  2548 | D:3      | Slain by an ice beast

Skill      XL: |  1  2  3  4  5 |
---------------+----------------+-----
Axes           | 3 4 5 6 |  6.6
Shields        | 4 5 |  5.6
Fighting       | |  3.6
Armour         | |  3.2

Action                   |  1- 3 |  4- 6 || total
-------------------------+-------+-------++-------
Melee: War axe           |   134 |   144 ||   278
  Use: Scroll            |       |     9 ||     9
       Potion            |       |     2 ||     2
  Eat: Chunk             |     1 |     5 ||     6
Armor: Scale mail        |    47 |    51 ||    98
Dodge: Dodged            |    39 |    42 ||    81
Block: Shield            |    61 |    71 ||   132

Vault maps used:
D:1:      lightli_arrival_noodles
D:2:      kb_forest_paths, nicolae_overflow_hidden_temple
D:3:      minmay_three_crescents

Table legend:
 A = Turns spent in this place as a percentage of turns spent in the entire game.
 B = Non-inter-level travel turns spent in this place as a percentage of non-inter-level travel turns spent in the entire game.
 C = Inter-level travel turns spent in this place as a percentage of turns spent in this place.
 D = Turns resting spent in this place as a percentage of non-inter-level travel turns spent in this place.
 E = Turns spent auto-exploring this place as a percentage of non-inter-level travel turns spent in this place.
 F = Non-inter-level travel turns spent in this place divided by the number of levels of this place that you've seen.
                   A       B       C       D       E      F
               +-------+-------+-------+-------+-------+----------------------
         Total | 100.0 | 100.0 |   4.9 |  20.6 |  55.0 | 808.0
       Dungeon | 100.0 | 100.0 |   4.9 |  20.6 |  55.0 | 808.0
               +-------+-------+-------+-------+-------+----------------------

Table legend:
 A = Kills in this place as a percentage of kills in entire the game.
 B = Kills by you in this place as a percentage of kills by you in the entire game.
 C = Kills by friends in this place as a percentage of kills by friends in the entire game.
 D = Other kills in this place as a percentage of other kills in the entire game.
 E = Experience gained in this place as a percentage of experience gained in the entire game.
 F = Experience gained in this place divided by the number of levels of this place that you have seen.
                   A       B       C       D       E      F
               +-------+-------+-------+-------+-------+----------------------
         Total | 100.0 | 100.0 |   N/A |   N/A | 100.0 | 147.0
       Dungeon | 100.0 | 100.0 |   N/A |   N/A | 100.0 | 147.0
               +-------+-------+-------+-------+-------+----------------------
